 Dungeon Crawl Stone Soup version 0.31-a0-219-g8d62b2e7bb (webtiles) character file.

Game seed: 7965580232984683082

244 horus123 the Magician (level 5, -2/28 HPs)
             Began as a Deep Elf Air Elementalist on July 3, 2023.
             Slain by an ogre
             ... wielding a +0 giant club
              (19 damage)
             ... on level 4 of the Dungeon.
             The game lasted 00:04:54 (3467 turns).

horus123 the Magician (Deep Elf Air Elementalist)   Turns: 3467, Time: 00:04:55

Health: -2/28      AC:  2    Str:  5    XL:     5   Next: 83%
Magic:  10/16      EV: 12    Int: 22    God:
Gold:   162        SH:  0    Dex: 15    Spells: 11/18 levels left

rFire   + . .        (no weapon)
rCold   . . .        (no shield)
rNeg    . . .        a - +0 robe
rPois   .            (no helmet)
rElec   .            (no cloak)
rCorr   .            (no gloves)
SInv    .            (no boots)
Will    +....        (no amulet)
Stlth   ++           k - ring of willpower
HPRegen 0.24/turn    g - ring of protection from fire
MPRegen 0.15/turn

%: no passive effects
@: no status effects
A: no striking features
a: no special abilities


You were on level 4 of the Dungeon.
You visited 1 branch of the dungeon, and saw 4 of its levels.

You collected 162 gold pieces.

Inventory:

Missiles
 c - 8 javelins
 p - 25 stones
Armour
 a - a +0 robe (worn)
Jewellery
 g - a ring of protection from fire (right hand)
 k - a ring of willpower (left hand)
 u - a +6 ring of strength
Wands
 s - a wand of mindburst (16)
Scrolls
 e - 3 scrolls of identify {unknown}
 f - a scroll of silence {unknown}
 h - 4 scrolls of immolation {unknown}
 i - a scroll of summoning {unknown}
 m - 2 scrolls of teleportation {unknown}
 o - a scroll of poison {unknown}
Potions
 b - a potion of magic
 d - a potion of degeneration {unknown}
 j - 2 potions of lignification {unknown}
 l - 2 potions of resistance {unknown}
 n - a potion of haste {unknown}
 q - a potion of brilliance {unknown}
 r - 2 potions of enlightenment {unknown}
 t - a potion of ambrosia {unknown}


   Skills:
 - Level 2.4 Dodging
 - Level 2.4 Stealth
 - Level 7.0 Spellcasting
 - Level 1.1 Conjurations
 + Level 4.5 Air Magic


You had 11 spell levels left.
You knew the following spells:

 Your Spells              Type           Power      Damage    Failure   Level
a - Shock                 Conj/Air       80%        1d8       2%          1
b - Static Discharge      Conj/Air       40%        2-4/arc   4%          2
c - Iskenderun's Mystic   Conj/Tloc      10%        2d4       54%         4

Your spell library contained the following spells:

 Spells                   Type           Power      Damage    Failure   Level
 Swiftness                Air            27%        N/A       3%          3
 Ensorcelled Hibernation  Hex/Ice        14%        N/A       12%         2
 Passwall                 Tmut/Erth      5%         N/A       12%         2
 Airstrike                Air            13%        2d(2-18)  13%         4
 Ignite Poison            Fire/Tmut/Pois 7%         N/A       24%         3
 Portal Projectile        Hex/Tloc       14%        N/A       24%         3
 Tukima's Dance           Hex            7%         N/A       24%         3
 Sticky Flame             Conj/Fire      10%        2d3       54%         4
 Blade Hands              Tmut           3%         N/A       92%         5
 Spellforged Servitor     Conj/Summ      5%         N/A       100%        7
 Ignition                 Fire           3%         3d4       100%        8


Dungeon Overview and Level Annotations

Branches:
Dungeon (4/15)
 Temple: D:4-7

Altars:
Ashenzari
Fedhas

Annotations:
D:3 exclusion: oklob plant


Message History

The zap hits the ogre.
The ogre is lightly wounded.
The ogre shouts!
You miscast Shock.
You are very lightly contaminated with residual magic.
Nothing appears to happen.
An ogre comes into view. It is wielding a +0 giant club.
The zap hits the ogre.
The ogre is moderately wounded.
The ogre shouts!
You can't see any susceptible monsters within range! (Use Z to cast anyway.)
You can't see any susceptible monsters within range! (Use Z to cast anyway.) Unknown command.
Your magical contamination has completely faded away.
The zap hits the ogre.
The ogre is heavily wounded.
The zap hits the ogre.
The ogre is lightly wounded.
The zap hits the ogre.
The ogre is heavily wounded.
The zap hits the ogre.
The ogre is lightly wounded.
The zap hits the ogre.
The ogre is severely wounded.
The zap hits the ogre.
The ogre is moderately wounded.
The zap hits the ogre.
The ogre is almost dead.
The zap misses the ogre.
The ogre hits you with a +0 giant spiked club!
The zap hits the ogre.
You kill the ogre!
The zap hits the ogre!
The ogre is heavily wounded.
Your Air Magic skill increases to level 4!
The zap hits the ogre.
The ogre is heavily wounded.
The ogre hits you with a +0 giant club!!
Ouch! That really hurt!
You die...

((.(O.(((# #...# .8(#.#.8. #...#
..(..O(. #...# #.8(8##### #.<.#
#O....########...######
##.......#.....#......#
#.##.##.#.###...####.#
...###.##.##.#.####.#####.######
#............O@................
#####.##.##.#.###.#.#.##.#####.
#.##.##.#)#...#...##.#####.
#.......#...#####...[......
##.#>##.###...#...##.......
#.#.....####.#.####.......
#.####..# #..............
#.####..# ###.######<....#
#.......# #.....# #####.#


You could see an ogre.

Vanquished Creatures
  An ogre (D:4)
  A sleepcap (D:3)
  4 gnolls (D:3)
  5 adders
  4 worms
  A dart slug (D:1)
  3 endoplasms
  5 goblins
  2 hobgoblins
  3 jackals (D:3)
  2 kobolds
  A quokka (D:1)
  6 ball pythons
  A bat (D:1)
  A frilled lizard (D:1)
  8 rats
48 creatures vanquished.

Notes
Turn   | Place    | Note
-------+----------+-------------------------------------------
     0 | D:1      | horus123 the Deep Elf Air Elementalist began the quest for
                  | the Orb.
     0 | D:1      | Reached XP level 1. HP: 10/10 MP: 6/6
   351 | D:1      | Reached skill level 4 in Spellcasting
   351 | D:1      | Reached XP level 2. HP: 15/15 MP: 5/9
  1603 | D:2      | Reached skill level 5 in Spellcasting
  1603 | D:2      | Reached XP level 3. HP: 19/19 MP: 4/11
  2008 | D:3      | Found a faded altar of an unknown god.
  2041 | D:3      | Found a broken altar of Ashenzari.
  2187 | D:3      | Reached skill level 6 in Spellcasting
  2187 | D:3      | Reached XP level 4. HP: 15/24 MP: 8/14
  2546 | D:3      | Reached skill level 7 in Spellcasting
  2628 | D:3      | Learned a level 2 spell: Static Discharge
  2761 | D:3      | Reached XP level 5. HP: 28/28 MP: 11/16
  2964 | D:3      | Found a blossoming altar of Fedhas.
  2976 | D:3      | Noticed an oklob plant
  3326 | D:4      | Got Vehumet's Incunabulum of Intuition
  3332 | D:4      | Learned a level 4 spell: Iskenderun's Mystic Blast
  3446 | D:4      | Noticed an ogre
  3446 | D:4      | Found the +6 shillelagh "Devastator" {shatter}
  3448 | D:4      | Noticed an ogre
  3466 | D:4      | Killed an ogre
  3467 | D:4      | Slain by an ogre

Illustrated notes

Levels and vault maps discovered:
D:1:      dpeg_arrival_rooms_b, layout_basic
D:2:      layout_rooms
D:3:      layout_basic, tgw_fedhas, evilmike_ruin_ashenzari,
          dreamdust_ecumenical_altar_statues
D:4:      layout_loops_cross, dilly_guarded_unrand_devastator

Skill      XL: |  1  2  3  4  5 |
---------------+----------------+-----
Spellcasting   | 4 5 6 7 |  7.0
Air Magic      | 4 |  4.5
Dodging        | |  2.4
Stealth        | |  2.4
Conjurations   | |  1.1

Action                     |  1- 3 |  4- 6 || total
---------------------------+-------+-------++-------
   Cast: Shock             |    80 |    93 ||   173
 Armour: Robe              |       |     1 ||     1
  Dodge: Dodged            |     3 |     1 ||     4

Table legend: (Time is in decaauts)
 A = Elapsed time spent in this place.
 B = Non-inter-level travel time spent in this place.
 C = Inter-level travel time spent in this place.
 D = Time resting spent in this place.
 E = Time spent auto-exploring this place.
 F = Levels seen in this place.
 G = Mean time per level.
                   A        B        C        D        E       F      G
               +--------+--------+--------+--------+--------+-----+--------+
         Total |   3465 |   3319 |    146 |    523 |   2461 |   4 |  866.2 |
       Dungeon |   3465 |   3319 |    146 |    523 |   2461 |   4 |  866.2 |
               +--------+--------+--------+--------+--------+-----+--------+

Top non-repeatable levels by time:
     D:3: 1330 daAuts
     D:1: 1219 daAuts
     D:2: 766 daAuts
     D:4: 149 daAuts
